 Dungeon Crawl Stone Soup version 0.24.1 (webtiles) character file.

Game seed: 464929978285722843, levelgen mode: deterministic

98806 Chiseanne the Blocker (level 15, -18/110 HPs)
             Began as a Mummy Wanderer on Apr 1, 2020.
             Was an Initiate of Gozag.
             Killed from afar by a thorn hunter (33 damage)
             ... with a volley of thorns
             ... on level 2 of the Swamp.
             The game lasted 01:46:21 (34253 turns).

Chiseanne the Blocker (Mummy Wanderer)             Turns: 34253, Time: 01:46:22

Health: -18/110    AC: 31    Str: 20    XL:     15   Next: 75%
Magic:  23/23      EV: 12    Int: 32    God:    Gozag
Gold:   2354       SH: 19    Dex: 13    Spells: 14/14 levels left

rFire    . . .     SeeInvis +   a - +9 demon whip (flame)
rCold    + . .     Gourm    .   O - +6 shield of Cheibriados's Favour {MR- Str+4 Int+6}
rNeg     + + +     Faith    .   z - +8 chain mail of Ethics {+Inv rN+ SInv}
rPois    ∞         Spirit   .   E - +2 helmet {Int+3}
rElec    .         Reflect  .   D - +2 cloak {+Inv}
rCorr    .         Harm     .   B - +0 pair of gloves of the First Snow {Int+4 Dex+3}
MR       .....                  W - +2 pair of boots {run}
Stlth    ..........             f - amulet of regeneration
HPRegen  0.28/turn              Q - ring of Asanaqoh {rPois rF+ Slay+2 SInv}
MPRegen  0.18/turn              j - +3 ring of slaying

@: about to teleport, quick
A: no food or potions, fire vulnerability, cold resistance 1, negative energy
resistance 3, torment resistance, unbreathing, in touch with death 1
a: Potion Petition, Call Merchant, Bribe Branch, Renounce Religion, Evoke
Invisibility


You were on level 2 of the Swamp.
You worshipped Gozag.
Gozag was most pleased with you.
You were not hungry.

You visited 5 branches of the dungeon, and saw 27 of its levels.
You also visited: Sewer.

You collected 14193 gold pieces.
You spent 4416 gold pieces at shops.
You paid 7423 gold pieces to Gozag.

Inventory:

Hand Weapons
 a - a +9 demon whip of flaming (weapon)
 d - the +10 short sword of the Curious Friends {pierce, +Rage rC+ Str+4}
   (You bought it in a shop on level 12 of the Dungeon)

   It inflicts extra damage upon your enemies.
   It affects your strength (+4).
   It protects you from cold.
   It lets you go berserk.
 s - a +5 scimitar of flaming
 w - the +6 hunting sling "Taddifin" {flame, rC+ Int+4}
   (You found it on level 6 of the Lair of Beasts)

   It causes projectiles fired from it to burn those they strike, causing extra
   injury to most foes and up to half again as much damage against particularly
   susceptible opponents.
   It affects your intelligence (+4).
   It protects you from cold.
Missiles
 e - 11 bolts
 l - 56 poisoned darts (quivered)
 I - 3 throwing nets {!*}
 K - 90 sling bullets
Armour
 z - the +8 chain mail of Ethics (worn) {+Inv rN+ SInv}
   (You bought it in a shop on level 7 of the Dungeon)

   It protects you from negative energy.
   It lets you see invisible.
   It lets you turn invisible.
 B - the +0 pair of gloves of the First Snow (worn) {Int+4 Dex+3}
   (You bought it in a shop on level 5 of the Dungeon)

   It affects your intelligence (+4).
   It affects your dexterity (+3).
 D - a +2 cloak of invisibility (worn)
 E - a +2 helmet of intelligence (worn)
 O - the +6 shield of Cheibriados's Favour (worn) {MR- Str+4 Int+6}
   (You bought it in a shop on level 2 of the Orcish Mines)

   It affects your strength (+4).
   It affects your intelligence (+6).
   It affects your resistance to hostile enchantments.
 W - a +2 pair of boots of running (worn)
Jewellery
 b - a +2 amulet of reflection {unknown}
 f - an amulet of regeneration (around neck)
 j - a +3 ring of slaying (right hand)
 u - an uncursed amulet of the acrobat
 A - an uncursed ring of resist corrosion
 Q - the ring of Asanaqoh (left hand) {rPois rF+ Slay+2 SInv}
   (You bought it in a shop on level 12 of the Dungeon)

   [ring of see invisible]

   It affects your accuracy and damage with ranged weapons and melee attacks
   (+2).
   It protects you from fire.
   It protects you from poison.
   It lets you see invisible.
Wands
 q - a wand of flame (51)
 F - a wand of polymorph (12)
 P - a wand of digging (8)
 S - a wand of random effects (23)
 T - a wand of enslavement (10)
 V - a wand of acid (4)
 X - a wand of disintegration (17)
Scrolls
 c - 3 scrolls of teleportation
 i - 16 scrolls of identify
 v - 4 scrolls of blinking
 L - 2 scrolls of silence
 M - 3 scrolls of remove curse
 N - 2 scrolls of magic mapping
Miscellaneous
 G - 2 phantom mirrors
 J - a lamp of fire


   Skills:
 - Level 7.8 Fighting
 - Level 5.8(6.4) Short Blades
 - Level 4.0(5.5) Long Blades
   Level 1.0 Staves
 - Level 1.5 Throwing
 - Level 9.9 Armour
 - Level 9.6 Dodging
 + Level 14.3 Shields
 - Level 10.7 Evocations


You had 14 spell levels left.
You didn't know any spells.
Your spell library contained the following spells:

 Spells                   Type           Power        Failure   Level  Hunger
 Confusing Touch          Hex            #.....       54%         1    N/A
 Corona                   Hex            #......      54%         1    N/A
 Flame Tongue             Conj/Fire      #....        54%         1    N/A
 Magic Dart               Conj           #...         54%         1    N/A
 Searing Ray              Conj           #.....       69%         2    N/A
 Slow                     Hex            #.......     69%         2    N/A
 Throw Flame              Conj/Fire      #.....       69%         2    N/A
 Confuse                  Hex            #.......     89%         3    N/A
 Conjure Flame            Conj/Fire      #.......     89%         3    N/A
 Dazzling Spray           Conj/Hex       #.....       89%         3    N/A
 Gell's Gravitas          Tloc           #.........   89%         3    N/A
 Inner Flame              Hex/Fire       #.......     89%         3    N/A
 Portal Projectile        Hex/Tloc       #.....       89%         3    N/A
 Cause Fear               Hex            #.........   100%        4    N/A
 Force Lance              Conj/Tloc      #.......     100%        4    N/A
 Fulminant Prism          Conj/Hex       #.........   100%        4    N/A
 Iskenderun's Mystic Bla  Conj           #.......     100%        4    N/A
 Leda's Liquefaction      Hex/Erth       #.........   100%        4    N/A
 Petrify                  Tmut/Erth      #.......     100%        4    N/A
 Sticky Flame             Conj/Fire      #.......     100%        4    N/A
 Fireball                 Conj/Fire      #.........   100%        5    N/A
 Metabolic Englaciation   Hex/Ice        #.........   100%        5    N/A
 Yara's Violent Unravell  Hex/Tmut       #.........   100%        5    N/A
 Bolt of Cold             Conj/Ice       #.........   100%        6    N/A
 Freezing Cloud           Conj/Ice/Air   #.........   100%        6    N/A
 Ozocubu's Refrigeration  Ice            #.........   100%        6    N/A
 Simulacrum               Ice/Necr       #.........   100%        6    N/A
 Ice Form                 Ice/Tmut       Unusable     N/A         4    N/A

Dungeon Overview and Level Annotations

Branches:
Dungeon (15/15)            Temple (1/1) D:6            Lair (6/6) D:9
  Swamp (3/4) Lair:3        Snake (0/4) Lair:4        Slime (0/5) Lair:6
    Orc (2/2) D:9             Elf (0/3) Orc:2        Vaults (0/5) D:14
 Depths (0/5) D:15          Sewer (visited)

Altars:
Ashenzari
Dithmenos
Elyvilon
Fedhas
Gozag
Hepliaklqana
Nemelex Xobeh
Qazlal
Uskayaw
Xom
Jiyva

Shops:
D:5 [   D:7 [[   D:9 [[[   D:10 (   D:12 *   D:15 =   Orc:2 [%!

Annotations:
D:4 2 transporters, Destapler's ghost, amateur DENe
D:14 exclusion: obsidian statue
Lair:3 1 runed translucent door
Swamp:1 Nikola


Innate Abilities, Weirdness & Mutations

You do not eat or drink.
Your flesh is vulnerable to fire.
You are immune to poison.
Your flesh is cold resistant. (rC+)
You are immune to negative energy. (rN+++)
You are immune to unholy pain and torment.
You can survive without breathing.
You are in touch with the powers of death.


Message History

Found 6 gold pieces.
Found 24 arrows.
A tyrant leech and a thorn hunter come into view.
Thorny briars emerge from the ground!
The thorn hunter hits the briar patch!
The thorn hunter hits the briar patch but does no damage.
Something hits the briar patch but does no damage.
Something hits the briar patch.
The briar patch is destroyed!
Something hits the briar patch!!
The briar patch is destroyed!
Found 12 poisoned darts.
The thorn hunter gestures.
Thorny briars emerge from the ground!
As you read the scroll of teleportation, it crumbles to dust.
You feel strangely unstable.
The thorn hunter fires a volley of thorns at you.
The volley of thorns hits you!!
You die...
Your body crumbles into a pile of gold.

♣(≈....≈...♣≈!♣≈≈≈≈≈≈≈≈.
♣♣...≈.≈...♣.♣≈≈≈≈≈≈f...
♣≈.....≈≈.≈≈≈≈≈≈≈≈♣≈≈≈$
♣≈§≈......≈w.≈≈≈≈Pf.≈.
♣♣≈≈....♣.≈..≈♣≈≈PP.≈§
♣.≈...≈...≈f..♣≈♣P...
≈.§≈..(≈..♣≈.≈≈PP.≈≈
....♣♣♣.♣♣♣♣...PP.≈≈
≈≈.. ♣♣♣ ♣@≈≈PP≈.♣ ≈≈
♣..≈≈PP≈≈. ≈ ♣.♣♣≈PP≈≈.
♣P PPP.≈. .P PPP.♣♣ .>≈
.≈♣≈....≈≈≈≈.≈ ≈≈≈
≈≈..≈≈≈≈≈≈♣.≈ .≈≈≈
≈≈≈≈≈.≈≈≈≈w. ≈≈≈≈.≈≈w≈..


You could see 2 thorn hunters and a tyrant leech.

Vanquished Creatures
  An ironheart preserver (D:14)
  Azrael (D:13)
  A dire elephant (Lair:6)
  A rakshasa (D:11)
  A great orb of eyes (D:10)
  10 hydras
  4 centaur warriors (D:14)
  2 catoblepae
  A ghost crab (Swamp:2)
  2 death knights (D:14)
  A deep troll shaman (Lair:6)
  5 two-headed ogres
  2 death yaks (Lair:6)
  2 alligators
  5 tengu warriors
  3 orc high priests
  Nergalle (D:12)
  A skeletal warrior (D:14)
  A fire crab (shapeshifter) (D:15)
  An unseen horror (D:15)
  A glowing orange brain (D:15)
  A lindwurm (shapeshifter) (D:15)
  3 orc knights
  2 swamp dragons (Swamp:1)
  3 deep elf magi
  A wolf spider zombie (D:15)
  4 orc sorcerers
  11 cyclopes
  8 ugly things
  2 elephants (Lair:6)
  2 manticores
  A guardian serpent (Orc:2)
  A black mamba (Lair:6)
  2 gargoyles
  Maurice (Orc:2)
  14 spiny frogs
  A rime drake (Lair:1)
  7 kobold demonologists
  A freezing wraith (D:15)
  A komodo dragon (shapeshifter) (D:15)
  7 komodo dragons
  2 redback zombies
  3 tengu conjurers (D:14)
  2 polar bears
  A hornet (Swamp:1)
  Grinder (D:6)
  4 trolls
  7 slime creatures
  8 hippogriffs
  A hornet (shapeshifter) (D:15)
  A tyrant leech (Lair:3)
  4 bog bodies
  17 blink frogs
  A centaur simulacrum (D:11)
  2 wyverns
  2 wraiths
  3 fire bats (Lair:3)
  Eustachio (D:6)
  A fire elemental (D:13)
  3 hogs (D:9)
  41 yaks
  4 basilisks
  A human (D:9)
  3 hungry ghosts
  8 vampire mosquitoes
  2 insubstantial wisps (Swamp:2)
  10 wargs
  4 swamp worms
  3 nagas (Lair:4)
  A soldier ant (shapeshifter) (D:14)
  13 water moccasins
  9 porcupines
  3 hell hounds (D:13)
  34 orc warriors
  2 black bears
  A swamp drake (Swamp:2)
  An ice beast (shapeshifter) (D:15)
  5 ice beasts
  2 sky beasts
  6 necrophages
  6 phantoms
  7 centaurs
  11 ogres
  23 wolves
  14 crocodiles
  5 big kobolds
  26 bullfrogs
  2 gnoll sergeants
  3 scorpions
  6 wights
  7 killer bees
  5 howler monkeys
  An electric eel (Lair:6)
  4 crimson imps
  7 centaur zombies
  A bullfrog zombie (D:11)
  3 bullfrog skeletons
  9 hounds
  A jelly (D:14)
  2 quasits
  32 orc priests
  A wyvern simulacrum (D:14)
  4 centaur skeletons
  2 gnoll shamans
  4 iguanas
  41 orc wizards
  11 worker ants
  A hound skeleton (D:8)
  19 gnolls
  A howler monkey skeleton (D:9)
  5 river rats
  16 adders
  10 shadow imps
  An adder zombie (D:5)
  An adder skeleton (D:4)
  3 worms
  A dart slug (D:3)
  4 leopard geckos
  104 orcs
  8 giant cockroaches
  6 goblins
  8 hobgoblins
  6 jackals
  5 quokkas
  A ball python (shapeshifter) (D:15)
  8 ball pythons
  8 bats
  9 frilled lizards
  2 jackal skeletons
  25 kobolds
  A leopard gecko zombie (D:5)
  A quokka zombie (D:5)
  12 rats
  2 fungi
  4 plants
847 creatures vanquished.

Vanquished Creatures (collateral kills)
  A death yak (Lair:6)
1 creature vanquished.

Vanquished Creatures (others)
  A hydra (Swamp:1)
  A tyrant leech (Swamp:2)
  2 yaks (D:11)
  A centaur (D:11)
  A quasit (D:10)
  2 gnolls (D:10)
  A quokka (D:10)
  A kobold (D:11)
  2 briar patches (Swamp:2)
  7 fungi
  10 plants
  7 toadstools (Lair:3)
36 creatures vanquished.

Grand Total: 884 creatures vanquished

Notes
Turn   | Place    | Note
-------+----------+-------------------------------------------
     0 | D:1      | Chiseanne the Mummy Wanderer began the quest for the Orb.
     0 | D:1      | Chiseanne set off with the following items: a +0
                  | quarterstaff, a +2 scale mail, a scroll of teleportation
     0 | D:1      | Reached XP level 1. HP: 18/18 MP: 1/1
   253 | D:1      | Reached XP level 2. HP: 23/24 MP: 2/2
   702 | D:2      | Reached XP level 3. HP: 24/29 MP: 3/3
   762 | D:2      | Found a shimmering altar of Xom.
  1035 | D:2      | Found an opulent altar of Gozag.
  1045 | D:2      | Became a worshipper of Gozag Ym Sagoz the Greedy
  1247 | D:3      | Found a shattered altar of Ashenzari.
  1247 | D:3      | Found a blossoming altar of Fedhas.
  1279 | D:3      | Found a glowing drain.
  1300 | D:3      | Reached XP level 4. HP: 23/37 MP: 4/4
  1356 | Sewer    | Entered a sewer
  1644 | Sewer    | Reached XP level 5. HP: 42/42 MP: 5/5
  2555 | D:4      | Found a transporter.
  2557 | D:4      | Noticed an ogre
  2557 | D:4      | Noticed Destapler's ghost (amateur DENe)
  2558 | D:4      | Found a transporter.
  3020 | D:4      | Reached XP level 6. HP: 43/49 MP: 6/6
  3193 | D:4      | Reached skill level 5 in Fighting
  3543 | D:5      | Entered Level 5 of the Dungeon
  3574 | D:5      | Reached XP level 7. HP: 56/56 MP: 7/7
  3603 | D:5      | Found a shadowy altar of Dithmenos.
  4350 | D:6      | Noticed Grinder
  4355 | D:6      | Paralysed by Grinder for 5 turns
  4363 | D:6      | Noticed Eustachio
  4368 | D:5      | Reached skill level 5 in Armour
  4541 | D:6      | Reached XP level 8. HP: 53/64 MP: 8/8
  4722 | D:6      | Found a staircase to the Ecumenical Temple.
  4805 | Temple   | Entered the Ecumenical Temple
  5096 | D:6      | Killed Eustachio
  5096 | D:6      | Reached skill level 5 in Dodging
  5264 | D:6      | Killed Grinder
  5620 | D:5      | Bought the cursed +0 pair of gloves of the First Snow
                  | {Int+4 Dex+3} for 278 gold pieces
  5713 | D:7      | Reached XP level 9. HP: 62/72 MP: 9/9
  6678 | D:7      | Identified a scroll of acquirement
  6768 | D:7      | Bought a heavily runed chain mail for 209 gold pieces
  6768 | D:7      | Bought a runed cloak for 165 gold pieces
  6768 | D:7      | Bought a runed helmet for 165 gold pieces
  6768 | D:7      | Bought a pair of translucent gloves for 209 gold pieces
  6770 | D:7      | Identified the +8 chain mail of Ethics {+Inv rN+ SInv} (You
                  | bought it in a shop on level 7 of the Dungeon)
  6800 | D:7      | Identified the +2 pair of gloves of the Undertaker {Dex+4}
                  | (You bought it in a shop on level 7 of the Dungeon)
  6825 | D:7      | Bought a bloodstained scale mail for 225 gold pieces
  6825 | D:7      | Bought a turquoise-studded ring mail for 225 gold pieces
  6825 | D:7      | Bought a warped leather armour for 175 gold pieces
  6826 | D:7      | Identified the cursed +1 scale mail "Rodoesic" {Str+2} (You
                  | bought it in a shop on level 7 of the Dungeon)
  6829 | D:7      | Identified the +4 ring mail "Axuata" {rF+} (You bought it
                  | in a shop on level 7 of the Dungeon)
  6830 | D:7      | Identified the +2 leather armour of Entitlement {rElec
                  | Dex+6} (You bought it in a shop on level 7 of the Dungeon)
  6873 | D:7      | Reached skill level 1 in Evocations
  7666 | D:9      | Reached skill level 5 in Evocations
  8009 | D:9      | Reached XP level 10. HP: 80/80 MP: 11/14
  8083 | D:9      | Found a staircase to the Orcish Mines.
  8149 | D:9      | Found a staircase to the Lair.
  8625 | D:9      | Noticed a five-headed hydra
  8635 | D:9      | Noticed a cyclops
  8643 | D:9      | Killed a five-headed hydra
  8661 | D:9      | Killed a cyclops
  9115 | D:9      | Noticed a deep elf mage
  9117 | D:9      | Noticed a two-headed ogre
  9117 | D:9      | a deep elf mage changed into a two-headed ogre
  9134 | D:9      | Killed a two-headed ogre
  9269 | D:10     | Entered Level 10 of the Dungeon
  9751 | D:10     | Noticed Psyche
  9855 | D:10     | Reached XP level 11. HP: 67/86 MP: 18/18
 10706 | D:10     | Reached skill level 10 in Evocations
 11280 | D:10     | Bought a +2 long sword of electrocution for 227 gold pieces
 11349 | D:11     | Noticed a sun demon
 11350 | D:11     | Noticed a cyan ugly thing
 11356 | D:11     | Noticed a purple ugly thing
 11408 | D:10     | Killed a cyan ugly thing
 11527 | D:10     | Killed a purple ugly thing
 11634 | D:11     | Reached skill level 1 in Long Blades
 11718 | D:11     | Noticed a great orb of eyes
 11730 | D:11     | Paralysed by a great orb of eyes for 4 turns
 11743 | D:10     | Killed a great orb of eyes
 11932 | D:11     | Noticed a rakshasa
 12739 | D:11     | Noticed a two-headed ogre
 12986 | D:11     | Killed a two-headed ogre
 12986 | D:11     | Reached XP level 12. HP: 74/92 MP: 20/20
 13434 | D:12     | Found Gogefuh's Antique Artefacts.
 13700 | D:12     | Bought a steaming bone ring for 130 gold pieces
 13700 | D:12     | Bought a warped amber ring for 130 gold pieces
 13701 | D:12     | Identified the ring of Suvozxua {*Contam +Fly rPois Dex+6}
                  | (You bought it in a shop on level 12 of the Dungeon)
 13703 | D:12     | Identified the ring of Asanaqoh {rPois rF+ Slay+2 SInv}
                  | (You bought it in a shop on level 12 of the Dungeon)
 13709 | D:12     | Bought an iridescent hand axe for 208 gold pieces
 13709 | D:12     | Bought a shadowed robe for 148 gold pieces
 13709 | D:12     | Bought a crude short sword for 208 gold pieces
 13710 | D:12     | Identified the +2 hand axe of Honour {venom, Stlth+} (You
                  | bought it in a shop on level 12 of the Dungeon)
 13713 | D:12     | Identified the +10 short sword of the Curious Friends
                  | {pierce, +Rage rC+ Str+4} (You bought it in a shop on level
                  | 12 of the Dungeon)
 13717 | D:12     | Identified the +1 robe "Niquic" {Str-3 Int+5} (You bought
                  | it in a shop on level 12 of the Dungeon)
 13958 | D:12     | Reached skill level 1 in Short Blades
 14212 | D:12     | Noticed Frances
 14213 | D:12     | Noticed Frances
 14213 | D:12     | Frances changed into Frances the four-headed hydra
 14219 | D:12     | Killed Frances the four-headed hydra
 14596 | D:12     | Noticed Nergalle
 14599 | D:12     | Killed Nergalle
 15903 | D:11     | Killed a rakshasa
 16118 | Orc:1    | Entered Level 1 of the Orcish Mines
 16236 | Orc:1    | Noticed a two-headed ogre
 16249 | Orc:1    | Killed a two-headed ogre
 16425 | D:9      | Noticed Psyche
 16425 | D:9      | Psyche changed into Psyche the bullfrog
 16430 | D:9      | Killed Psyche the bullfrog
 17054 | D:9      | Paralysed by an orc sorcerer for 6 turns
 17067 | D:9      | Gained mutation: You are in touch with the powers of death.
                  | [Mummy growth]
 17067 | D:9      | Reached XP level 13. HP: 59/98 MP: 21/21
 17571 | Orc:1    | Reached skill level 5 in Short Blades
 18039 | Orc:2    | Entered Level 2 of the Orcish Mines
 18039 | Orc:2    | Found a staircase to the Elven Halls.
 18842 | Orc:2    | Noticed Maurice
 19161 | Orc:2    | Killed Maurice
 19649 | Orc:2    | Paralysed by an orc sorcerer for 5 turns
 19739 | Orc:2    | Found Uwah's Food Boutique.
 19739 | Orc:2    | Found Kalod's Distillery.
 19739 | Orc:2    | Found Pyom Luy's Magic Scroll Shop.
 19742 | Orc:2    | Found Kiprautu's Antique Armour Boutique.
 19747 | Orc:2    | Bought a scroll of fear for 49 gold pieces
 19747 | Orc:2    | Bought a scroll of silence for 105 gold pieces
 19747 | Orc:2    | Bought a scroll of magic mapping for 49 gold pieces
 19747 | Orc:2    | Bought a scroll of identify for 28 gold pieces
 19747 | Orc:2    | Bought a scroll of identify for 28 gold pieces
 19747 | Orc:2    | Bought a scroll of teleportation for 42 gold pieces
 19747 | Orc:2    | Bought a scroll of blinking for 105 gold pieces
 19747 | Orc:2    | Bought a scroll of noise for 14 gold pieces
 19747 | Orc:2    | Bought a scroll of identify for 28 gold pieces
 19747 | Orc:2    | Bought a scroll of identify for 28 gold pieces
 19747 | Orc:2    | Bought a scroll of enchant armour for 105 gold pieces
 19747 | Orc:2    | Bought a scroll of silence for 105 gold pieces
 19747 | Orc:2    | Bought a scroll of enchant weapon for 105 gold pieces
 19747 | Orc:2    | Bought a scroll of amnesia for 49 gold pieces
 19750 | Orc:2    | Bought a bloodstained shield for 209 gold pieces
 19750 | Orc:2    | Bought a pair of glowing gloves for 165 gold pieces
 19773 | Orc:2    | Identified the +6 shield of Cheibriados's Favour {MR- Str+4
                  | Int+6} (You bought it in a shop on level 2 of the Orcish
                  | Mines)
 19817 | Orc:2    | Reached skill level 1 in Shields
 19955 | Orc:2    | Reached skill level 2 in Shields
 20380 | Lair:1   | Entered Level 1 of the Lair of Beasts
 20718 | Lair:1   | Reached skill level 3 in Shields
 21339 | Lair:2   | Reached skill level 4 in Shields
 21572 | Lair:2   | Reached skill level 5 in Shields
 21726 | Lair:2   | Got a twitching silver ring
 21727 | Lair:2   | Identified the ring "Daesuepn" {*Tele MR+ Str+4 SInv} (You
                  | found it on level 2 of the Lair of Beasts)
 21769 | Lair:2   | Found a white marble altar of Elyvilon.
 22293 | Lair:3   | Reached skill level 6 in Shields
 22535 | Lair:3   | Found a dark tunnel.
 22944 | Lair:3   | Found a runed translucent door.
 23270 | Lair:3   | Reached skill level 7 in Shields
 23271 | Lair:3   | Found a staircase to the Swamp.
 23837 | Lair:4   | Reached XP level 14. HP: 81/104 MP: 22/22
 23972 | Lair:4   | Noticed Snorg
 23978 | Lair:4   | Noticed Snorg
 23978 | Lair:4   | Snorg changed into Snorg the spiny frog
 23984 | Lair:4   | Killed Snorg the spiny frog
 24027 | Lair:4   | Found a staircase to the Snake Pit.
 24349 | Lair:4   | Reached skill level 8 in Shields
 25577 | Lair:6   | Entered Level 6 of the Lair of Beasts
 25612 | Lair:6   | Reached skill level 9 in Shields
 26354 | Lair:6   | Reached skill level 10 in Shields
 26857 | Lair:6   | Found a viscous altar of Jiyva.
 26859 | Lair:6   | Found a staircase to the Slime Pits.
 27496 | Lair:6   | Reached skill level 11 in Shields
 27750 | Lair:6   | Got a polished hunting sling
 27758 | Lair:6   | Identified the +6 hunting sling "Taddifin" {flame, rC+
                  | Int+4} (You found it on level 6 of the Lair of Beasts)
 28021 | D:9      | Bought an encrusted ring mail for 216 gold pieces
 28021 | D:9      | Bought a slimy ring mail for 216 gold pieces
 28024 | D:9      | Identified the +3 ring mail of the Bells {rF+ Str+4 Int+3}
                  | (You bought it in a shop on level 9 of the Dungeon)
 28027 | D:9      | Identified the +4 ring mail of Zudeemuu {MR+} (You bought
                  | it in a shop on level 9 of the Dungeon)
 28161 | D:13     | Noticed Azrael
 28185 | D:13     | Killed Azrael
 28971 | D:13     | Got a scorched ring mail
 28972 | D:13     | Identified the +2 ring mail of Ynuejo {rF+ Int+2} (You
                  | found it on level 13 of the Dungeon)
 29889 | D:14     | Reached XP level 15. HP: 110/110 MP: 23/23
 29920 | D:14     | Reached skill level 12 in Shields
 30730 | D:14     | Identified a +2 pair of boots of running (You found it on
                  | level 14 of the Dungeon)
 30870 | D:14     | Found a gate to the Vaults.
 31091 | D:15     | Entered Level 15 of the Dungeon
 31094 | D:15     | Found Vabeadao's Jewellery Emporium.
 31102 | D:15     | Bought a cursed amulet of inaccuracy for 34 gold pieces
 31102 | D:15     | Bought a cursed -2 ring of protection for 34 gold pieces
 31160 | D:15     | Reached skill level 13 in Shields
 32985 | D:15     | Found a staircase to the Depths.
 33309 | Swamp:1  | Entered Level 1 of the Swamp
 33613 | Swamp:1  | Reached skill level 14 in Shields
 33736 | Swamp:2  | Noticed Nikola
 34124 | Swamp:2  | Noticed a thorn hunter
 34203 | Swamp:2  | HP: 2/110 [insubstantial wisp/static electricity (7)]
 34232 | Swamp:2  | Noticed a thorn hunter
 34253 | Swamp:2  | Killed from afar by a thorn hunter

Levels and vault maps discovered:
D:1:      dpeg_arrival_arbitrary_c, layout_basic, minmay_tromino_mix6
D:2:      kennysheep_the_goblin_king, layout_loops_cross, lemuel_doored_altar,
          grunt_gozag_statues
D:3:      layout_basic, chequers_temple_overflow_statue_of_worship,
          portal_sewer_entry_b, first_ration, serial_glass, glass_columns_a,
          glass_columns_b, item_on_display_a, feat_on_display, item_on_display_a
D:4:      layout_loops_cross, gammafunk_ghost_smash, dk_rats_in_the_wall
D:5:      layout_loops_ring, nicolae_dithmenos_through_a_glass_darkly
D:6:      layout_cave_pools, minmay_temple_entry_water_ring, uniq_grinder,
          uniq_eustachio
D:7:      mumra_celtic_spiral_tile, layout_basic, chequers_serial_rivers_micro_b
D:8:      layout_cave_pools
D:9:      minmay_cornered_nines, layout_cave_pools, david_lair_shrubbed,
          david_orc_2, grunt_livestock, minivault_20
D:10:     layout_irregular_city, uniq_psyche
D:11:     minmay_the_grid_triangle_9x9_recursive_2_mashed
          [minmay_the_grid_triangle_9x9_prize_center,
          minmay_the_grid_triangle_9x9_semitri,
          minmay_the_grid_triangle_9x9_odd_lines,
          minmay_the_grid_triangle_9x9_pentomino_pain], layout_rooms,
          minmay_misc_feat_room, hangedman_weighted_door
D:12:     layout_stronghold, minmay_misc_feat_chi, nicolae_antique_artefacts,
          uniq_nergalle, uniq_frances
D:13:     layout_loops_cross, uniq_azrael
D:14:     minmay_statue_hallways, layout_long_grid,
          skrybe_vaults_entry_preservation, serial_park_square3
          [serial_park_minivault_5x5_3], kennysheep_another_room,
          kennysheep_small_circle
D:15:     gammafunk_enter_depths_forms, layout_basic, serial_shops, shop,
          minmay_door_square
Temple:   compressed_dpeg_circular_temple
Lair:1:   layout_cave_pods, grunt_megastairs_2
Lair:2:   beast_lair_carwin_large_4, layout_regular_city, basic_altar,
          roderic_carrion_pond
Lair:3:   gammafunk_lair_enchanted_lake, layout_cave_shapes,
          palyth_hydra_swamp_entry, nicolae_volcano_entry_batcave,
          grunt_megastairs_1
Lair:4:   layout_gridlike, guppyfry_snake_entry_island, pond, uniq_snorg
Lair:5:   layout_loops_ring, minivault_11, hangedman_lair_unloving_vines,
          lemuel_fruit_tree
Lair:6:   grunt_lair_end_beastmaster, layout_misc_corridors, slime_altar_1,
          fungi_pond_lemuel, minmay_hedge_maze
Swamp:1:  layout_basic_swamp, evilmike_swamp_ruin_house_2
Swamp:2:  layout_falls_marsh, evilmike_swamp_ruin_house_3, swamp_pool1,
          uniq_jorgrun, uniq_kirke, uniq_nikola
Swamp:3:  layout_falls_marsh, evilmike_swamp_ruin_rubble_1
Orc:1:    layout_diamond_mine, rock_pile
Orc:2:    st_orc_mages, layout_diamond_mine, gauntlet_entry_generic,
          uniq_maurice

Skill      XL: |  1  2  3  4  5  6  7  8  9 10 11 12 13 14 15 |
---------------+----------------------------------------------+-----
Armour         | 3 4 5 6 7 9 |  9.9
Dodging        | 2 3 4 5 6 7 9 |  9.6
Fighting       | 4 5 6 7 |  7.8
Evocations     | 5 9 10 | 10.7
Long Blades    | 3 4 |  4.0
Short Blades   | 4 5 |  5.8
Shields        | 7 11 14 | 14.3
Staves         | |  1.0
Throwing       | |  1.5

Action                   |  1- 3 |  4- 6 |  7- 9 | 10-12 | 13-15 || total
-------------------------+-------+-------+-------+-------+-------++-------
Melee: Quarterstaff      |    34 |       |       |       |       ||    34
       Short sword       |    71 |   233 |   698 |   961 |   461 ||  2424
       Long sword        |       |       |       |   248 |       ||   248
       Flail             |       |       |       |    12 |       ||    12
       Demon whip        |       |       |       |       |  1340 ||  1340
       Scimitar          |       |       |       |       |    19 ||    19
       War axe           |       |       |       |       |     7 ||     7
 Fire: Hunting sling     |       |       |     8 |       |       ||     8
Throw: Stone             |       |     1 |     2 |     4 |       ||     7
       Dart              |       |       |       |     6 |   110 ||   116
Invok: Call Merchant     |       |       |     3 |     2 |     2 ||     7
       Potion Petition   |       |       |       |     1 |       ||     1
 Abil: Evoke Invisibilit |       |       |     1 |    17 |     2 ||    20
Evoke: Wand              |       |    12 |    14 |    29 |    21 ||    76
       Lamp of fire      |       |       |       |     1 |     2 ||     3
       Box of beasts     |       |       |       |       |     1 ||     1
  Use: Scroll            |    10 |     2 |    13 |    13 |    23 ||    61
 Stab: Distracted        |       |     1 |     2 |     5 |    11 ||    19
       Invisible         |       |       |     1 |    62 |     2 ||    65
       Confused          |       |       |       |       |     7 ||     7
Armor: Scale mail        |    45 |    77 |   165 |       |       ||   287
       Chain mail        |       |       |   152 |   591 |   861 ||  1604
Dodge: Dodged            |    50 |   103 |   388 |   896 |   943 ||  2380
Block: Shield            |       |       |       |       |  1642 ||  1642
       Rpst.: Long sword |       |       |       |    61 |       ||    61
